 Dungeon Crawl Stone Soup version 0.30.1-4-g462c640d31 (webtiles) character file.

Game seed: 16445498723196196306

7 croobank the Sneak (level 2, -2/21 HPs)
             Began as an Octopode Delver on Aug 15, 2023.
             Slain by a gnoll
             ... wielding a +4 antimagic whip
              (12 damage)
             ... on level 3 of the Dungeon.
             The game lasted 00:13:32 (572 turns).

croobank the Sneak (Octopode Delver)                 Turns: 572, Time: 00:13:33

Health: -2/21      AC:  1    Str: 11    XL:     2   Next: 0%
Magic:  2/2        EV: 13    Int: 12    God:
Gold:   65         SH:  0    Dex: 13    Spells: 1/1 levels left

rFire   . . .        a - +0 short sword
rCold   . . .        (no shield)
rNeg    . . .        (helmet restricted)
rPois   .            (no amulet)
rElec   .            (no ring)
rCorr   .            (no ring)
SInv    .            (no ring)
Will    .....        (no ring)
Stlth   +++          (no ring)
HPRegen 0.23/turn    (no ring)
MPRegen 0.08/turn    (no ring)
                     (no ring)

%: no passive effects
@: silenced
A: almost no armour, amphibious, 8 rings, camouflage 1, gelatinous body 1,
(nimble swimmer 1), tentacles
a: no special abilities


You were on level 3 of the Dungeon.
You visited 1 branch of the dungeon, and saw 5 of its levels.

You collected 65 gold pieces.

Inventory:

Hand Weapons
 a - a +0 short sword (weapon)
 g - a +0 long sword
Wands
 f - a wand of digging (3)
Scrolls
 b - a scroll of fog
Potions
 e - a potion of haste
 h - a potion of curing {unknown}


   Skills:
 + Level 3.1 Fighting
 + Level 2.1 Short Blades
 + Level 2.1 Dodging
 + Level 6.7 Stealth


You had one spell level left.
You didn't know any spells.
Your spell library was empty.

Dungeon Overview and Level Annotations

Branches:
Dungeon (7/15)
 Temple: D:4-7

Altars:

Shops:
D:5 *

Annotations:
D:3 3 runed translucent doors, sunglassesatnite's ghost, amateur MiBe
D:7 Dowan


Innate Abilities, Weirdness & Mutations

You cannot wear most types of armour.
You are amphibious.
You can wear up to eight rings at the same time.
Your skin changes colour to match your surroundings (Stealth+).
Your rubbery body absorbs attacks. (AC +1, EV +1)
((You are camouflaged when in or above water. (Stealth+)))
You have tentacles for arms and can constrict up to eight enemies at once.


Message History

A gnoll is wielding a +4 antimagic whip.
The gnoll shouts! x2
The gnoll throws a throwing net.
The throwing net closely misses you.
The gnoll throws a throwing net.
The throwing net hits you.
You become entangled in the net!
Things that are here:
a throwing net; a throwing net You struggle against the net.
You struggle against the net.
You struggle against the net.
You struggle against the net.
The gnoll hits you with a +0 club!
You struggle against the net.
The gnoll hits you with a +0 club.
You rip the net and break free!
The gnoll barely misses you.
As you read the scroll of fear, it crumbles to dust.
You assume a fearsome visage.
The gnoll looks frightened!
The gnoll shouts!
The gnoll looks frightened! x2
d - a throwing net The gnoll starts to cry.
You open the door.
There is an open door here.
As you read the scroll of magic mapping, it crumbles to dust.
You feel aware of your surroundings.
You start resting.
A gnoll is nearby!
Throw: throwing net
Press: ? - help, Q - select action Shift-Dir - straight line, f - gnoll
Aim: a gnoll, wielding a +4 antimagic whip (61% to hit)
You throw a throwing net.
The throwing net barely misses the gnoll.
You barely miss the gnoll. You grab the gnoll. You constrict the gnoll.
The gnoll closely misses you.
As you read the scroll labelled IMAYBAECKA, it crumbles to dust.
A profound silence engulfs you.
It was a scroll of silence.
You constrict the gnoll. The gnoll closely misses you.
You barely miss the gnoll. You grab the gnoll. You constrict the gnoll. x2
The gnoll hits you with a +0 club!
The gnoll hits you with a +4 antimagic whip!
Ouch! That really hurt!
You die...

,,#......g.,,,,,,,+,,,,**,**,* *
,,#..g........,,,,****,**,**,* *
,,#.......#..,,,,,,,,,,,...,,* *
**#.......#..,,,,,,,,,,*.(##*****
**'#....#g.,,,,,,,,,,,....,,,,,
****,***#.#.#***********#.#.##***
*,,,,,,,#.#.# ##### #.#..#
*,**,**,#.#.# #...# #.##.#
*,**,,,,#.#.# #.@.#######.##.#
*,#######g#.# #gg............#
*,..........###..........###>#
**#######.##g.g..........#,#.#
#>.'.............#.#.#
####...............#.#
#..........####.#.#
#(...........#*.#.#
#....†.....#.#*,#.#


You could see 3 gnolls.

Vanquished Creatures
  An orc (D:6)
  2 endoplasms (D:4)
  A kobold (D:4)
  A rat (D:3)
5 creatures vanquished.

Notes
Turn   | Place    | Note
-------+----------+-------------------------------------------
     0 | D:5      | croobank the Octopode Delver began the quest for the Orb.
     0 | D:5      | Reached XP level 1. HP: 16/16 MP: 1/1
     7 | D:6      | Noticed an ogre
    85 | D:5      | Found Xowoikk's Assorted Antiques.
   178 | D:7      | Noticed Dowan
   226 | D:5      | Noticed an orc priest
   226 | D:5      | Noticed an orc priest
   478 | D:3      | Found a runed translucent gate.
   480 | D:3      | Found a runed translucent gate.
   480 | D:3      | Found a runed translucent gate.
   480 | D:3      | Noticed a kobold brigand
   481 | D:3      | Noticed sunglassesatnite's ghost (amateur MiBe)
   508 | D:3      | Reached XP level 2. HP: 21/21 MP: 2/2
   572 | D:3      | Slain by a gnoll

Illustrated notes

Levels and vault maps discovered:
D:3:      layout_basic, gammafunk_ghost_nasty_kobolds
D:4:      layout_loops_ring
D:5:      layout_cave_pods, serial_shops, nicolae_shop_advertising_works
          [nicolae_subvault_shop_adworks], hangedman_glass_teeth,
          hangedman_abyss_or_decor_stabs, uniq_grinder
D:6:      layout_basic, mainiacjoe_overflow_divided_tiny, uniq_edmund,
          uniq_pikel, uniq_prince_ribbit1
D:7:      layout_rooms, temple_doors_ab, serial_park_tiny_2, uniq_duvessa

Action                     || total
---------------------------++-------
  Melee: Short sword       ||    18
         Tentacles         ||     3
         Constrict         ||     4
         Punch             ||     1
  Throw: Throwing net      ||     1
    Use: Scroll            ||     4
 Armour: Skin              ||     1
  Dodge: Dodged            ||    12
